Map: 세룰리안 폴 - 래더

Players

Maru

  • Race: Terran Terran
  • League: Master
  • Spawn Location: 1:00

lllllllllll (sOs) - Winner!

  • Race: Protoss Protoss
  • League: Master
  • Spawn Location: 7:00

Event: IEM Season 13 - Katowice Server Qualifiers America

VOD

Have the link to the VOD?

Description

Time

  • Played on: Jan. 6, 2019, 7:34 p.m.
  • Length: 10:42

All games in this series

Show
View Real Time Build Order
Export as new Build Order

Maru Terran 

Build Orders: Gas First Reaper Expand 

Get SALT Encoding   

  12  0:00  SCV  
  13  0:12  SCV  
  14  0:17  Supply Depot  
  14  0:25  SCV  
  15  0:29  Refinery  
  15  0:38  SCV  
  15  0:40  Barracks  
  16  0:45  Refinery  
  16  0:50  SCV  
  17  1:03  SCV  
  18  1:15  SCV  
  19  1:27  Orbital Command  
  19  1:28  Reaper  
  20  1:43  Command Center  
  20  1:53  SCV  
  21  1:55  Supply Depot  
  21  2:01  Barracks Reactor  
  21  2:05  SCV  
  22  2:18  SCV  
  23  2:25  Command Center  
  23  2:30  SCV  
  23  2:36  Barracks  
  24  2:41  Marine  
  24  2:42  SCV  
  24  2:43  Marine  
  27  2:55  Orbital Command  
  27  2:59  Marine, SCV  
  27  3:01  Marine  
  30  3:07  Engineering Bay  
  30  3:12  SCV  
  31  3:17  Marine  
  31  3:19  Marine  
  33  3:20  SCV  
  33  3:23  Barracks Tech Lab  
  33  3:24  SCV  
  35  3:33  SCV  
  36  3:34  Marine, Terran Infantry Weapons Level 1  
  36  3:36  Marine, SCV  
  36  3:40  Orbital Command  
  39  3:43  Marine, Stimpack  
  39  3:45  SCV  
  41  3:54  SCV  
  41  3:55  Barracks  
  42  3:57  SCV  
  42  4:05  Bunker  
  42  4:06  Marine x3  
  42  4:07  SCV x2  
  42  4:09  SCV  
  48  4:12  Factory  
  48  4:18  Refinery x2  
  48  4:19  SCV  
  48  4:20  SCV  
  48  4:21  SCV  
  51  4:24  Supply Depot  
  51  4:28  Marine x2, Marauder  
  55  4:36  SCV  
  55  4:38  Refinery  
  56  4:40  Barracks  
  56  4:42  Barracks  
  56  4:43  SCV  
  56  4:44  SCV  
  58  4:49  Barracks Tech Lab, SCV  
  58  4:52  Marine x2  
  60  4:53  Marauder  
  60  4:56  SCV, Supply Depot  
  62  5:02  Starport  
  62  5:03  Factory Reactor  
  62  5:09  Marine  
  62  5:10  Marine x2, SCV  
  62  5:11  SCV x2  
  62  5:13  Marine  
  69  5:14  Combat Shield  
  69  5:18  Missile Turret  
  69  5:21  Supply Depot  
  69  5:23  SCV  
  69  5:27  Barracks Reactor  
  71  5:29  Barracks Tech Lab  
  71  5:32  Marauder  
  71  5:33  Marauder  
  75  5:35  Supply Depot  
  75  5:40  Supply Depot x2  
  74  5:47  Medivac x2  
  74  5:49  Marine x2, Factory Reactor, Orbital Command  
  80  5:53  Concussive Shells  
  82  5:58  Supply Depot  
  82  6:03  Marine  
  85  6:05  Marine  
  85  6:07  Marine  
  85  6:11  Marauder x3  
  89  6:14  SCV x2  
  89  6:18  SCV  
  90  6:21  Medivac x2  
  90  6:23  Supply Depot x2  
  94  6:26  Marine x2, SCV x2  
  94  6:27  Marine x2  
  94  6:29  Widow Mine  
  94  6:30  Widow Mine  
  104  6:34  Marauder x2  
  104  6:35  Marauder  
  109  6:47  SCV x2  
  109  6:51  Widow Mine x2, Terran Infantry Armor Level 1  
  115  6:55  Marauder x2  
  115  6:58  Marine x2  
  115  6:59  Marauder  
  123  7:03  SCV  
  123  7:07  Marine x2  
  124  7:10  SCV  
  124  7:13  Supply Depot  
  125  7:16  Marine x2, Marauder  
  125  7:17  Marauder  
  125  7:20  Marauder  
  132  7:31  SCV  
  132  7:33  SCV x2, Medivac x2  
  139  7:42  Widow Mine x2, Supply Depot  
  139  7:43  Marine x2, SCV  
  139  7:44  Marauder  
  148  7:47  Supply Depot  
  148  7:50  SCV  
  149  7:58  SCV x2  
  149  8:03  Marine, Marauder  
  149  8:04  Marauder  
  152  8:09  Marine x2  
  152  8:10  Marauder  
  146  8:15  Marine, Widow Mine x2, Medivac x2  
  148  8:24  Marauder  
  148  8:25  Marauder  
  133  8:31  Marauder  
  133  8:32  Marine x3  
  137  8:36  Widow Mine x2  
  139  8:41  Marine  
  139  8:43  Missile Turret x2  
  139  8:45  Marauder  
  139  8:47  Marauder, SCV x2  
  139  8:48  SCV  
  147  8:50  Starport  
  147  8:52  Marauder  
  148  8:59  SCV  
  148  9:00  Viking, SCV x2  
  148  9:01  Viking  
  155  9:05  Marine, Armory  
  155  9:07  Marauder  
  155  9:08  Marine, Marauder, Widow Mine x2  
  154  9:13  Refinery x2  
  154  9:14  Marauder  
  154  9:15  Supply Depot  
  156  9:22  Marine x2  
  156  9:23  Marine  
  159  9:26  Marine  
  159  9:30  Marine, Marauder, Viking  
  81  9:31  Viking  
  162  9:35  Marine  
  157  9:39  Supply Depot  
  157  9:40  Viking  
  157  9:41  Widow Mine x2, Orbital Command  
  157  9:43  Marine  
  161  9:48  Marauder  
Show
View Real Time Build Order
Export as new Build Order

lllllllllll Protoss - Winner!

Build Orders: 1 Gate Expand, Double Forge, Oracle Opening, Blink Stalkers, Colossus Rush 

Get SALT Encoding   

  12  0:00  Probe  
  13  0:12  Probe  
  14  0:17  Pylon  
  14  0:24  Probe  
  15  0:31  Assimilator  
  15  0:35  Probe  
  16  0:43  Gateway, Probe  
  17  0:51  Probe  
  18  1:03  Probe  
  19  1:15  Probe  
  20  1:22  Nexus  
  20  1:32  Cybernetics Core  
  20  1:34  Probe  
  20  1:39  Assimilator  
  21  1:47  Probe  
  22  1:50  Pylon  
  22  1:59  Probe  
  22  2:00  Adept  
  23  2:11  Probe, Warp Gate  
  26  2:18  Twilight Council  
  26  2:23  Probe  
  26  2:28  Sentry  
  29  2:30  Probe  
  29  2:31  Probe  
  31  2:37  Blink  
  31  2:38  Probe  
  31  2:39  Probe  
  33  2:48  Probe  
  33  2:49  Probe  
  33  2:50  Oracle  
  35  3:00  Probe  
  35  3:01  Probe  
  37  3:13  Probe x2  
  37  3:16  Gateway  
  37  3:17  Gateway  
  37  3:19  Stalker  
  41  3:25  Probe x2  
  43  3:27  Pylon  
  43  3:37  Probe  
  43  3:38  Probe  
  45  3:49  Probe  
  45  3:50  Probe  
  47  4:00  Robotics Facility  
  47  4:02  Probe x2  
  48  4:13  Stalker x3  
  48  4:14  Nexus  
  48  4:15  Pylon  
  54  4:19  Assimilator  
  54  4:22  Assimilator  
  54  4:32  Forge  
  54  4:34  Forge  
  54  4:35  Probe, Pylon  
  54  4:37  Probe  
  56  4:50  Probe x2  
  58  4:53  Robotics Bay  
  58  4:54  Observer  
  58  4:56  Charge  
  58  4:59  Phoenix  
  59  5:00  Pylon  
  59  5:02  Probe  
  59  5:03  Probe  
  59  5:05  Warp Prism  
  61  5:08  Gateway, Protoss Ground Weapons Level 1  
  61  5:09  Protoss Ground Armor Level 1  
  61  5:14  Probe  
  61  5:17  Probe  
  65  5:27  Probe  
  65  5:28  Probe  
  67  5:29  Probe  
  67  5:33  Colossus, Gateway  
  68  5:40  Gateway  
  68  5:41  Probe x2  
  68  5:42  Probe  
  77  5:52  Extended Thermal Lance  
  77  5:53  Probe x2  
  77  5:54  Probe  
  80  6:02  Zealot x3  
  86  6:05  Pylon  
  86  6:10  Probe x3  
  89  6:18  Colossus  
  89  6:20  Zealot  
  89  6:22  Probe x2  
  89  6:24  Pylon  
  93  6:26  Pylon  
  93  6:27  Zealot  
  93  6:31  Pylon  
  101  6:36  Pylon x2  
  101  6:39  Gateway  
  97  6:40  Sentry, Pylon  
  97  6:45  Stalker x2  
  101  6:48  Sentry  
  101  6:50  Shield Battery  
  103  6:56  Photon Cannon  
  103  7:01  Protoss Ground Weapons Level 2  
  103  7:03  Colossus  
  103  7:07  Protoss Ground Armor Level 2  
  103  7:09  Zealot x3  
  103  7:10  Zealot  
  115  7:20  Pylon  
  115  7:33  Gateway x2  
  115  7:35  Stalker x3  
  121  7:38  Zealot x2  
  121  7:39  Assimilator  
  125  7:46  Pylon  
  125  7:59  Zealot  
  125  8:00  Zealot x3  
  125  8:01  Pylon  
  135  8:05  Zealot  
  122  8:20  Zealot x4  
  122  8:24  Observer  
  122  8:25  Nexus  
  129  8:34  Stalker  
  125  8:43  Stalker x4  
  133  9:00  Stalker  
  135  9:09  Zealot x6  
  147  9:31  Zealot  
  143  9:39  Zealot x6  
  143  9:40  Zealot  
  155  9:52  Probe  
  156  9:58  Stalker x2  
  156  10:03  Sentry  
  156  10:04  Stalker x3  
  132  10:14  Sentry  
  132  10:15  Zealot x2  
  130  10:24  Zealot  
  129  10:31  Zealot x2  
  129  10:37  Zealot  

Tags
 
Add a new tag
Caveats
  • Supply blocks, unpowered buildings, or Contaminate may cause inaccurate times.
  • Supply counts are checked every 10 seconds.